Map: Cactus Valley LE (Void)

Players

INnoVation - Winner!

  • Race: Terran Terran
  • Spawn Location: 1:00

Ryung

  • Race: Terran Terran
  • Spawn Location: 11:00

Event: IEM XI Katowice - World Championship 2017

VOD

https://www.youtube.com/watch?v=IAiPDAy7tLM

Description

INnoVation and Ryung both open identically with Reaper Expands into Cyclones. Both of them keep their Reapers at home initially. Their builds diverge at 3:30 when Ryung decides to get a Raven while INnoVation gets a Medivac to go for a Marine-Cyclone push. He takes out 8 SCVs but is pushed back by a Raven and Siege Tank.

INnoVation uses his economic advantage to get further ahead by adding on a 3rd Command Center first. They both begin picking up infantry upgrades around the same time while picking off scouting Marines back and forth across the map. The Siege Tank counts for both sides start to grow, and Ryung takes map control with his army patrolling the middle of the map.

INnoVation goes for a big push across the top and gets a good trade just outside of Ryung's natural. On the followup push, INnoVation brings Liberators and manages to push straight through Ryung's army. Ryung goes for a drop on top of INnoVation's army, but it isn't enough, and he GGs shortly after

Time

  • Played on: March 4, 2017, 5:33 a.m.
  • Length: 13:06

All games in this series

Show
View Real Time Build Order
Export as new Build Order

INnoVation Terran - Winner!

Build Orders: Cyclone Opening, Reaper Expand, Bio Tank 

Get SALT Encoding   

  12  0:00  SCV  
  13  0:12  SCV  
  14  0:17  Supply Depot  
  14  0:24  SCV  
  15  0:28  Refinery  
  15  0:38  SCV  
  16  0:44  Barracks  
  16  0:50  SCV  
  17  1:02  SCV  
  18  1:15  SCV  
  19  1:31  Reaper, Orbital Command  
  20  1:42  Command Center  
  20  1:52  Factory  
  20  1:56  SCV  
  21  2:02  Refinery  
  21  2:05  Barracks Reactor  
  21  2:08  SCV  
  21  2:14  Supply Depot  
  22  2:21  SCV  
  23  2:36  SCV, Cyclone  
  27  2:41  Marine x2  
  29  2:48  SCV  
  30  2:53  Orbital Command  
  30  2:57  Starport  
  30  2:59  Marine  
  30  3:00  Marine  
  30  3:03  SCV  
  33  3:12  Cyclone  
  36  3:17  SCV  
  36  3:18  SCV  
  36  3:19  Marine  
  39  3:21  Marine  
  39  3:27  Supply Depot  
  40  3:31  SCV  
  40  3:32  SCV  
  42  3:34  Medivac  
  42  3:38  Marine  
  42  3:39  Marine  
  46  3:45  Supply Depot  
  46  3:48  Cyclone  
  46  3:52  SCV x2  
  51  3:56  Marine  
  51  3:57  Marine  
  51  4:01  Supply Depot  
  53  4:06  Viking  
  53  4:08  SCV x2  
  57  4:14  Marine  
  57  4:15  Marine  
  59  4:21  SCV x2  
  58  4:32  Marine, Factory Tech Lab  
  58  4:33  Marine, SCV x2  
  62  4:38  Supply Depot  
  62  4:48  Command Center  
  62  4:51  SCV x2  
  55  4:59  Refinery x2  
  55  5:01  Barracks Tech Lab  
  55  5:03  SCV  
  55  5:04  SCV  
  57  5:12  Siege Tank  
  60  5:15  SCV  
  60  5:16  SCV  
  62  5:27  Marine  
  62  5:28  Stimpack, SCV x2  
  65  5:29  Barracks  
  65  5:32  Barracks  
  65  5:33  Viking  
  65  5:35  Viking  
  67  5:40  SCV x2  
  69  5:44  Siege Tank  
  72  5:50  Engineering Bay  
  72  5:51  Engineering Bay  
  72  5:53  SCV x2  
  72  5:56  Marine  
  74  6:00  Orbital Command  
  74  6:05  Viking, SCV x2  
  74  6:08  Viking  
  80  6:15  Marine  
  80  6:16  Siege Tank  
  84  6:18  Barracks Reactor  
  84  6:19  Barracks Reactor  
  84  6:21  SCV x2  
  86  6:25  Supply Depot  
  86  6:27  Supply Depot  
  86  6:30  Terran Infantry Armor Level 1, Terran Infantry Weapons Level 1, Orbital Command  
  86  6:33  Marine  
  86  6:35  SCV x2  
  89  6:43  Supply Depot  
  89  6:47  SCV x2  
  89  6:48  Siege Tank  
  89  6:51  Marine  
  94  6:54  Missile Turret  
  94  6:55  SCV  
  94  6:59  SCV  
  96  7:02  Marine x2  
  96  7:03  Marine x2  
  96  7:05  Viking  
  96  7:06  Supply Depot, Viking, Refinery x2  
  104  7:09  Marine  
  104  7:13  SCV x3  
  108  7:20  Marine x2, Siege Tank  
  108  7:21  Marine x2  
  115  7:23  Supply Depot  
  115  7:30  Sensor Tower  
  115  7:35  SCV x3  
  118  7:41  Marine x2, Medivac x2  
  118  7:42  Marine x3  
  124  7:48  Supply Depot  
  124  7:50  Armory  
  122  7:53  SCV x3  
  128  7:58  Siege Tank  
  128  7:59  Missile Turret  
  128  8:03  Marine, Missile Turret  
  128  8:04  Combat Shields  
  129  8:06  Marine  
  129  8:07  Marine  
  129  8:08  Marine  
  129  8:12  Marine  
  133  8:17  Sensor Tower  
  130  8:22  Medivac  
  130  8:23  Medivac  
  130  8:24  Barracks  
  130  8:26  Barracks  
  134  8:28  Missile Turret  
  134  8:30  Siege Tank  
  134  8:32  Marine x4  
  141  8:39  Supply Depot  
  141  8:44  Terran Infantry Weapons Level 2, Terran Infantry Armor Level 2  
  141  8:45  Supply Depot  
  141  8:46  Supply Depot  
  141  8:48  Marine  
  141  8:54  Marine  
  141  9:00  Marine x3  
  141  9:02  Siege Tank, Terran Vehicle Weapons Level 1  
  147  9:03  Supply Depot, Barracks  
  147  9:06  Marine  
  147  9:07  Barracks  
  148  9:11  Barracks Reactor  
  148  9:12  Marine  
  148  9:14  Barracks Reactor  
  148  9:17  Medivac  
  148  9:18  Marine, Supply Depot, Medivac  
  148  9:19  Marine  
  148  9:20  Marine  
  148  9:24  Marine  
  153  9:29  Marine  
  155  9:34  Siege Tank  
  155  9:36  Marine x2  
  155  9:38  Marine  
  161  9:41  Marine  
  161  9:44  Supply Depot  
  162  9:46  Factory, Command Center  
  162  9:47  Marine x3, Medivac x2  
  169  9:53  Marine  
  169  9:54  Marine  
  169  9:55  Supply Depot  
  169  9:56  Marine  
  169  9:59  Marine  
  173  10:01  Marine x2  
  173  10:04  Barracks Reactor  
  173  10:05  Marine x3  
  173  10:06  Barracks Reactor x2  
  178  10:08  Siege Tank  
  178  10:11  Marine  
  178  10:12  Marine  
  178  10:13  Marine  
  184  10:17  Marine  
  184  10:18  Medivac  
  184  10:19  Marine x2, Medivac  
  189  10:23  Marine  
  186  10:31  Liberator x2  
  186  10:33  Marine x5  
  186  10:35  Marine, Factory Tech Lab  
  189  10:40  Siege Tank  
  194  10:50  Marine  
  194  10:51  Marine x2  
  197  10:57  Marine x3  
  197  10:59  Marine x2  
  197  11:04  Siege Tank  
  169  11:06  Marine x5  
  169  11:08  Marine x3  
  164  11:12  Siege Tank  
  164  11:15  Marine x3  
  164  11:16  Marine  
  168  11:21  Marine  
  168  11:23  Marine  
  168  11:24  Marine x4  
  174  11:26  Marine  
  174  11:28  Marine x2  
  177  11:33  Marine x2  
  177  11:36  Siege Tank  
  182  11:45  Siege Tank  
  185  11:51  Marine x3  
  188  11:56  Marine  
  188  11:57  Marine  
  190  12:07  Medivac x2  
  190  12:08  Siege Tank  
  197  12:15  Marine x2  
  184  12:16  Marine x7  
  187  12:23  Siege Tank  
  187  12:27  Marine  
  189  12:37  Marine  
  189  12:38  Marine x8  
  189  12:44  Marine  
  183  12:45  Marine  
Show
View Real Time Build Order
Export as new Build Order

Ryung Terran 

Build Orders: Cyclone Opening, Reaper Expand, MMM Bio 

Get SALT Encoding   

  12  0:00  SCV  
  13  0:13  SCV  
  14  0:17  Supply Depot  
  14  0:25  SCV  
  14  0:28  Refinery  
  15  0:39  SCV  
  16  0:44  Barracks  
  16  0:51  SCV  
  17  1:03  SCV  
  18  1:15  SCV  
  19  1:31  Orbital Command  
  19  1:32  Reaper  
  20  1:43  Command Center  
  20  1:55  Factory  
  20  1:58  SCV  
  21  2:03  Refinery  
  21  2:06  Barracks Reactor  
  21  2:10  SCV  
  22  2:18  Supply Depot  
  22  2:22  SCV  
  23  2:39  SCV, Cyclone  
  23  2:42  Marine x2  
  29  2:55  Orbital Command, Starport  
  29  2:59  SCV  
  29  3:02  Marine  
  31  3:05  Marine  
  32  3:14  Factory Tech Lab  
  32  3:18  SCV  
  33  3:20  Marine  
  33  3:21  SCV  
  33  3:23  Marine  
  36  3:30  SCV  
  36  3:33  SCV  
  38  3:36  Refinery  
  38  3:40  Raven  
  40  3:42  SCV  
  40  3:44  Marine x2  
  40  3:45  Supply Depot, SCV  
  40  3:46  Factory Tech Lab  
  44  3:54  SCV  
  45  3:57  SCV  
  46  4:06  Marine x2  
  46  4:07  Supply Depot, Siege Tank  
  46  4:08  SCV  
  46  4:09  SCV  
  51  4:21  SCV x2  
  52  4:24  Marine x2  
  51  4:34  SCV x2  
  51  4:41  Starport Reactor  
  51  4:45  Siege Tank  
  50  4:46  SCV  
  50  4:47  SCV  
  45  4:59  SCV x2  
  47  5:00  Marine  
  47  5:01  Stimpack  
  47  5:02  Barracks  
  48  5:11  Barracks  
  48  5:12  SCV x2  
  48  5:24  SCV x2  
  48  5:25  Marine  
  48  5:27  Engineering Bay  
  48  5:36  SCV x2  
  48  5:37  Siege Tank  
  53  5:45  Marine  
  53  5:46  Starport Reactor, Refinery  
  53  5:48  SCV x2  
  56  5:53  Terran Infantry Weapons Level 1  
  56  5:54  Supply Depot  
  56  5:59  Barracks Tech Lab  
  56  6:00  SCV x2  
  56  6:01  Marine x2  
  56  6:02  Marine  
  60  6:12  SCV x2  
  60  6:18  Barracks  
  65  6:19  Combat Shields, Barracks  
  65  6:24  SCV x2  
  67  6:29  Marine  
  67  6:30  Marine x2  
  70  6:35  Marine, Supply Depot  
  70  6:36  SCV x2, Medivac x2  
  70  6:38  Supply Depot  
  77  6:40  Siege Tank  
  77  6:48  SCV  
  78  6:56  SCV  
  78  6:57  Supply Depot, Marine x3  
  78  6:58  Marine  
  83  7:05  SCV  
  83  7:06  Supply Depot  
  83  7:07  Supply Depot  
  83  7:08  Medivac x2  
  86  7:09  SCV, Barracks Reactor  
  86  7:12  Marine  
  86  7:13  Marine  
  90  7:26  Marine  
  90  7:27  Marine x3  
  92  7:30  Marine  
  92  7:35  Siege Tank  
  96  7:37  Marine  
  96  7:43  Supply Depot  
  97  7:44  Marine x3  
  97  7:45  Supply Depot  
  97  7:46  Marine x3  
  97  7:48  Marine  
  97  7:49  Terran Infantry Armor Level 1  
  104  7:55  Marine  
  105  8:02  Marine x3, Command Center  
  108  8:08  Marine x4  
  112  8:16  Marine  
  112  8:18  Medivac  
  114  8:20  Marine x3  
  114  8:25  Siege Tank, Medivac  
  122  8:30  Marine x3  
  122  8:31  Marine  
  126  8:44  Marine x4  
  130  8:50  Supply Depot  
  130  8:52  Supply Depot  
  130  9:00  Marine x3  
  130  9:01  Marine  
  134  9:11  Medivac x2  
  134  9:12  Armory  
  134  9:14  Engineering Bay  
  138  9:19  Marine x2, Orbital Command  
  138  9:20  Marine x4  
  144  9:28  Marine x2  
  146  9:32  Supply Depot  
  146  9:37  Marine x2  
  148  9:39  Marine  
  148  9:40  Marine x3  
  148  9:45  Marine, Medivac x2  
  156  9:48  SCV x2  
  159  10:00  Terran Infantry Weapons Level 2, Terran Infantry Armor Level 2  
  159  10:05  SCV x2  
  161  10:08  Terran Vehicle Weapons Level 1  
  160  10:20  Sensor Tower, SCV x2  
  160  10:21  SCV  
  162  10:31  Marine x4  
  165  10:40  Marine x4  
  169  10:43  Siege Tank  
  169  10:49  Marine x3  
  173  10:59  Marine  
  173  11:03  Marine x4  
  149  11:07  Marine x2  
  142  11:12  Marine  
  142  11:17  Marine, Siege Tank  
  139  11:21  Marine x4  
  139  11:22  Viking x2  
  139  11:24  Factory  
  139  11:25  Marine x2  
  149  11:29  Marine  
  150  11:35  Marine  
  150  11:38  Marine x2  
  150  11:39  Marine x2  
  155  11:49  Siege Tank  
  155  11:53  Marine x4  
  162  11:56  Viking  
  145  12:15  Marine x4  
  145  12:19  Marine x4  
  148  12:26  Factory Tech Lab, Siege Tank  
  151  12:33  Marine x4  
  151  12:37  Marine x4  

Tags
 
Add a new tag
Caveats
  • Supply blocks, unpowered buildings, or Contaminate may cause inaccurate times.
  • Supply counts are checked every 10 seconds.